 Dungeon Crawl Stone Soup version 0.22.1-1-ga44c0e56f4 (webtiles) character file.

54 Riddle the Insei (level 3, -5/29 HPs)
             Began as a Vampire Monk on Sept 20, 2018.
             Killed by divine providence
             ... invoked by an orc priest
              (13 damage)
             ... on level 4 of the Dungeon.
             The game lasted 00:02:48 (988 turns).

Riddle the Insei (Vampire Monk)                      Turns: 988, Time: 00:02:49

Health: -5/29      AC:  0    Str: 10    XL:     3   Next: 66%
Magic:  1/3        EV: 23    Int: 12    God:
Gold:   61         SH:  0    Dex: 22    Spells: 2/2 levels left

rFire    . . .     SeeInvis +     - Unarmed
rCold    . . .     Gourm    .   (shield currently unavailable)
rNeg     + . .     Faith    .   (armour currently unavailable)
rPois    .         Spirit   .   (helmet currently unavailable)
rElec    .         Reflect  .   (cloak currently unavailable)
rCorr    .         Harm     .   (gloves currently unavailable)
MR       .....                  (boots currently unavailable)
Stlth    +++++.....             (no amulet)
HPRegen  0.09/turn              (ring currently unavailable)
MPRegen  0.08/turn              (ring currently unavailable)

@: bat-form, flying, slowed, quick
A: tiny, fangs 3, see invisible
a: End Transformation


You were on level 4 of the Dungeon.
You were not thirsty.
You were in vampire-bat-form.
You visited 1 branch of the dungeon, and saw 5 of its levels.

You collected 61 gold pieces.

Inventory:

Armour
 a - a +0 robe (melded)
Wands
 e - a wand of disintegration (11)
Scrolls
 c - 2 scrolls of identify {unknown}
Potions
 b - 10 potions of blood
 d - a potion of curing {unknown}


   Skills:
 + Level 3.1 Fighting
 + Level 3.8 Dodging
 + Level 3.3 Stealth
 + Level 4.2 Unarmed Combat


You had 2 spell levels left.
You didn't know any spells.
Your spell library was empty.

Dungeon Overview and Level Annotations

Branches:
Dungeon (5/15)
 Temple: D:4-7

Altars:
Ashenzari
Fedhas

Shops:
D:4 (


Innate Abilities, Weirdness & Mutations

You have razor-sharp teeth.
You have supernaturally acute eyesight. (SInv)
((You can survive without breathing.))


Message History

The orc priest completely misses you. The orc wizard completely misses you.
The orc priest closely misses you. The orc wizard completely misses you.
You hit the orc wizard.
The orc wizard is heavily wounded.
The orc wizard hits you with a hand axe.
The orc priest looks braver for a moment.
The orc wizard completely misses you.
You closely miss the orc wizard.
The orc wizard is heavily wounded.
The orc wizard gestures at you while chanting.
The magic dart hits you!
* * * LOW HITPOINT WARNING * * *
The orc priest misses you.
The orc wizard mumbles some strange words.
The orc wizard blinks!
The orc priest casts a cantrip, but nothing happens.
An orc wizard comes into view. It is wielding a dagger.
The orc priest mumbles some strange prayers to Beogh against you.
Beogh smites you!
You die...

##.....#.# ##.....#.###
### .#
...........#######..#...
##.....#...#........#...
...........#..........#
.#####.#.....o........ .
#.#.##........... #
#.##o#####.##..
#...oo.o§b.# .
####o#####.# .... ...
###... ..... #.###
###.... .# #.## #. ....
.# #.#... . ... .#
#.#..# .# # .o .# #
#.#..###.#.#..


You could see an orc priest, an orc wizard and 4 orcs.

Vanquished Creatures
  3 gnolls (D:4)
  A dart slug (D:1)
  2 leopard geckos
  2 orcs (D:4)
  A ball python (D:2)
  4 giant cockroaches
  A goblin (D:1)
  A hobgoblin (D:3)
  A kobold (D:1)
  A bat (D:3)
  A frilled lizard (D:3)
18 creatures vanquished.

Notes
Turn   | Place    | Note
-------+----------+-------------------------------------------
     0 | D:1      | Riddle the Vampire Monk began the quest for the Orb.
     0 | D:1      | Reached XP level 1. HP: 17/17 MP: 1/1
   307 | D:1      | Reached XP level 2. HP: 23/23 MP: 2/2
   478 | D:3      | Found a shattered altar of Ashenzari.
   607 | D:4      | Reached XP level 3. HP: 23/29 MP: 3/3
   609 | D:4      | Reached skill level 4 in Unarmed Combat
   904 | D:5      | Entered Level 5 of the Dungeon
   904 | D:5      | Found a blossoming altar of Fedhas.
   958 | D:4      | Found Giuck's Weapon Emporium.
   988 | D:4      | Killed from afar by an orc priest

Skill      XL: |  1  2  3 |
---------------+----------+-----
Fighting       | 3 |  3.1
Unarmed Combat | 4 |  4.2
Dodging        | |  3.8
Stealth        | |  3.3

Action                   || total
-------------------------++-------
Melee: Unarmed           ||    97
       Bite              ||    14
       Punch             ||     1
 Abil: Bat Form          ||     1
 Stab: Distracted        ||     1
Armor: Robe              ||    15
Dodge: Dodged            ||    65
